| TOP OF THE 1ST |
|
Atlanta Braves batting - Pitching for Los Angeles Dodgers : RHP Justin Scheithauer
|
|
Pitching: RHP Justin Scheithauer
|
|
|
Batting: RHB Jeckel Hester
|
0-0: Foul Ball, location: 2F 0-1: Ball 1-1: Ball 2-1: Ball 3-1: Base on Balls
|
|
Batting: RHB Liangde Li
|
0-0: Swinging Strike 0-1: Grounds into double play, 5-4-3 (Groundball, 56S, EV 81.2 MPH)
|
|
Batting: LHB Erik Gretzky
|
0-0: Ball 1-0: Fly out, F8 (Flyball, 8LM, EV 85.6 MPH)
|
| Top of the 1st over - 0 runs, 0 hits, 0 errors, 0 left on base; Atlanta 0 - Los Angeles 0 |
| BOTTOM OF THE 1ST |
|
Los Angeles Dodgers batting - Pitching for Atlanta Braves : LHP Nolan Stefanski
|
|
Pitching: LHP Nolan Stefanski
|
|
|
Batting: SHB Joel Baker
|
0-0: Ground out 6-3 (Groundball, 6, EV 87.5 MPH)
|
|
Batting: RHB Theo Schepers
|
0-0: Ball 1-0: Foul Ball, location: 2F 1-1: Swinging Strike 1-2: Ball 2-2: Ball 3-2: Foul Ball, location: 2F 3-2: Foul Ball, location: 2F 3-2: Strikes out swinging
|
|
Batting: LHB Lirak Bazhunaishvili
|
0-0: Called Strike 0-1: Ground out 5-3 (Groundball, 56, EV 76.9 MPH)
|
| Bottom of the 1st over - 0 runs, 0 hits, 0 errors, 0 left on base; Atlanta 0 - Los Angeles 0 |
| TOP OF THE 2ND |
|
Atlanta Braves batting - Pitching for Los Angeles Dodgers : RHP Justin Scheithauer
|
|
Batting: RHB Ike Trout
|
0-0: Hit by Pitch
|
|
Batting: SHB Terry Tuckfard
|
0-0: Ball 1-0: Ball 2-0: Swinging Strike 2-1: Ball 3-1: SINGLE (Groundball, 6MD, EV 105.0 MPH) Ike Trout to second Runner from 2nd tries for 3rd, OUT! 8-5 Terry Tuckfard to second
|
|
Batting: LHB David Bramble
|
0-0: Ball 1-0: Called Strike Terry Tuckfard steals 3rd base (no throw) 1-1: Called Strike 1-2: Ball 2-2: Ball 3-2: Strikes out swinging
|
|
Batting: RHB J.J. Powers
|
0-0: TRIPLE (Groundball, 3L, EV 100.6 MPH) Terry Tuckfard scores
|
|
Batting: LHB Luis Magdaleno
|
0-0: Called Strike 0-1: Ground out 5-3 (Groundball, 56S, EV 87.5 MPH)
|
| Top of the 2nd over - 1 run, 2 hits, 0 errors, 1 left on base; Atlanta 1 - Los Angeles 0 |
| BOTTOM OF THE 2ND |
|
Los Angeles Dodgers batting - Pitching for Atlanta Braves : LHP Nolan Stefanski
|
|
Batting: RHB Clay Buchanan
|
0-0: Called Strike 0-1: Ball 1-1: Swinging Strike 1-2: Fly out, F8 (Flyball, 8RD, EV 79.4 MPH)
|
|
Batting: LHB Juan Concepcion
|
0-0: Ball 1-0: Ball 2-0: Ball 3-0: SINGLE (Groundball, 34D, EV 102.5 MPH)
|
|
Batting: RHB Danny Dyer
|
0-0: Grounds into double play, 4-6-3 (Groundball, 4, EV 100.6 MPH)
|
| Bottom of the 2nd over - 0 runs, 1 hit, 0 errors, 0 left on base; Atlanta 1 - Los Angeles 0 |
| TOP OF THE 3RD |
|
Atlanta Braves batting - Pitching for Los Angeles Dodgers : RHP Justin Scheithauer
|
|
Batting: RHB Xavier Davis
|
0-0: Foul Ball, location: 2F 0-1: SINGLE (Groundball, 6S, EV 62.5 MPH) (infield hit)
|
|
Batting: RHB Jeckel Hester
|
0-0: Ball Xavier Davis steals 2nd, throwing error, E2 Xavier Davis to third 1-0: Called Strike 1-1: Ball 2-1: Foul Ball, location: 2F 2-2: Ball 3-2: Strikes out looking
|
|
Batting: RHB Liangde Li
|
0-0: Ball 1-0: Called Strike 1-1: Ball 2-1: SINGLE (Groundball, 56D, EV 101.2 MPH) Xavier Davis scores
|
|
Batting: LHB Erik Gretzky
|
0-0: Called Strike Liangde Li is caught stealing 2nd base 2-6 0-1: Ball 1-1: Ball 2-1: Ball 3-1: Foul Ball, location: 2F 3-2: Base on Balls
|
|
Batting: RHB Ike Trout
|
0-0: Foul Ball, location: 2F 0-1: Swinging Strike 0-2: Ball 1-2: Ball 2-2: Ball 3-2: SINGLE (Groundball, P, EV 88.1 MPH) (infield hit) Erik Gretzky to second
|
|
Batting: SHB Terry Tuckfard
|
0-0: Called Strike 0-1: Called Strike 0-2: Foul Ball, location: 2F 0-2: Ball 1-2: Fly out, F7 (Line Drive, 7S, EV 95.6 MPH)
|
| Top of the 3rd over - 1 run, 3 hits, 1 error, 2 left on base; Atlanta 2 - Los Angeles 0 |
| BOTTOM OF THE 3RD |
|
Los Angeles Dodgers batting - Pitching for Atlanta Braves : LHP Nolan Stefanski
|
|
Batting: LHB Stephen Van Raalte
|
0-0: Ball 1-0: Foul Ball, location: 2F 1-1: Foul Ball, location: 2F 1-2: Strikes out looking
|
|
Batting: RHB Ben Mischnick
|
0-0: Ball 1-0: Ground out 5-3 (Groundball, 56, EV 103.8 MPH)
|
|
Batting: RHB Wing-kit Bu
|
0-0: Ground out U3 (Groundball, 3, EV 101.9 MPH)
|
| Bottom of the 3rd over - 0 runs, 0 hits, 0 errors, 0 left on base; Atlanta 2 - Los Angeles 0 |
| TOP OF THE 4TH |
|
Atlanta Braves batting - Pitching for Los Angeles Dodgers : RHP Justin Scheithauer
|
|
Batting: LHB David Bramble
|
0-0: Foul Ball, location: 2F 0-1: Foul Ball, location: 2F 0-2: Ball 1-2: Strikes out looking
|
|
Batting: RHB J.J. Powers
|
0-0: Called Strike 0-1: Ball 1-1: Foul Ball, location: 2F 1-2: Foul Ball, location: 2F 1-2: Foul Ball, location: 2F 1-2: SINGLE (Flyball, 89S, EV 85.6 MPH)
|
|
Batting: LHB Luis Magdaleno
|
0-0: Ball J.J. Powers steals 2nd base 1-0: Foul Ball, location: 2F 1-1: Called Strike 1-2: Foul Ball, location: 2F 1-2: Strikes out looking
|
|
Pitching: RHP Bo Chia
|
|
|
Batting: RHB Xavier Davis
|
0-0: Called Strike 0-1: TRIPLE (Flyball, 9LD, EV 102.5 MPH) J.J. Powers scores
|
|
Batting: RHB Jeckel Hester
|
0-0: Ball 1-0: Ground out 5-3 (Groundball, 56, EV 85.0 MPH)
|
| Top of the 4th over - 1 run, 2 hits, 0 errors, 1 left on base; Atlanta 3 - Los Angeles 0 |
| BOTTOM OF THE 4TH |
|
Los Angeles Dodgers batting - Pitching for Atlanta Braves : LHP Nolan Stefanski
|
|
Batting: SHB Joel Baker
|
0-0: Foul Ball, location: 2F 0-1: Ball 1-1: Foul Ball, location: 2F 1-2: Ground out 4-3 (Groundball, 4, EV 81.2 MPH)
|
|
Batting: RHB Theo Schepers
|
0-0: Swinging Strike 0-1: Foul Ball, location: 2F 0-2: Strikes out swinging
|
|
Batting: LHB Lirak Bazhunaishvili
|
0-0: Ground out U3 (Groundball, 34, EV 103.8 MPH)
|
| Bottom of the 4th over - 0 runs, 0 hits, 0 errors, 0 left on base; Atlanta 3 - Los Angeles 0 |
| TOP OF THE 5TH |
|
Atlanta Braves batting - Pitching for Los Angeles Dodgers : RHP Bo Chia
|
|
Batting: RHB Liangde Li
|
0-0: Ball 1-0: Ball 2-0: Foul Ball, location: 2F 2-1: Ball 3-1: Swinging Strike 3-2: Strikes out looking
|
|
Batting: LHB Erik Gretzky
|
0-0: Ground out 5-3 (Groundball, 56, EV 88.8 MPH)
|
|
Batting: RHB Ike Trout
|
0-0: Called Strike 0-1: Ball 1-1: Foul Ball, location: 2F 1-2: SINGLE (Groundball, 34D, EV 103.1 MPH)
|
|
Batting: SHB Terry Tuckfard
|
0-0: Ball 1-0: SINGLE (Groundball, 4MD, EV 96.9 MPH) Ike Trout to second
|
|
Batting: LHB David Bramble
|
0-0: Foul Ball, location: 2F 0-1: SINGLE (Groundball, 4MD, EV 105.6 MPH) Ike Trout to third Terry Tuckfard to second Runner from 3rd tries for Home, SAFE, throw by CF to home
|
|
Batting: RHB J.J. Powers
|
0-0: Ball 1-0: Foul Ball, location: 2F 1-1: Foul Ball, location: 2F 1-2: Fly out, F9 (Flyball, 9LSF, EV 84.4 MPH)
|
| Top of the 5th over - 1 run, 3 hits, 0 errors, 2 left on base; Atlanta 4 - Los Angeles 0 |
| BOTTOM OF THE 5TH |
|
Los Angeles Dodgers batting - Pitching for Atlanta Braves : LHP Nolan Stefanski
|
|
Pitching: RHP Brendan Graham
|
|
|
Now at C: Tade Post
|
|
|
Now at 1B: John Peterson
|
|
|
Batting: RHB Clay Buchanan
|
0-0: Ball 1-0: Foul Ball, location: 2F 1-1: Called Strike 1-2: Ball 2-2: Foul Ball, location: 2F 2-2: Foul Ball, location: 2F 2-2: SINGLE (Groundball, 34S, EV 63.8 MPH) (infield hit)
|
|
Batting: LHB Juan Concepcion
|
0-0: Ball Clay Buchanan is caught stealing 2nd base 2-6 1-0: Foul Ball, location: 2F 1-1: Ball 2-1: Fly out, F5 (Popup, 5SF, EV 85.6 MPH)
|
|
Batting: RHB Danny Dyer
|
0-0: Ball 1-0: Ball 2-0: Swinging Strike 2-1: Foul Ball, location: 2F 2-2: Ball 3-2: Strikes out swinging
|
| Bottom of the 5th over - 0 runs, 1 hit, 0 errors, 0 left on base; Atlanta 4 - Los Angeles 0 |
| TOP OF THE 6TH |
|
Atlanta Braves batting - Pitching for Los Angeles Dodgers : RHP Bo Chia
|
|
Pitching: RHP Balinda Msrah
|
|
|
Now at 1B: John Piccolo
|
|
|
Pinch Hitting: RHB Jared Speck
|
0-0: Fly out, F9 (Line Drive, 9D, EV 90.6 MPH)
|
|
Pinch Hitting: RHB Alex Munoz
|
0-0: Ground out 4-3 (Groundball, 4, EV 84.4 MPH)
|
|
Batting: RHB Jeckel Hester
|
0-0: Called Strike 0-1: Ball 1-1: Ball 2-1: Called Strike 2-2: Ball 3-2: Base on Balls
|
|
Pinch Hitting: LHB Darryl Gonnella
|
0-0: Ball 1-0: Ball 2-0: Foul Ball, location: 2F 2-1: Ball 3-1: Foul Ball, location: 2F 3-2: Strikes out swinging
|
| Top of the 6th over - 0 runs, 0 hits, 0 errors, 1 left on base; Atlanta 4 - Los Angeles 0 |
| BOTTOM OF THE 6TH |
|
Los Angeles Dodgers batting - Pitching for Atlanta Braves : RHP Brendan Graham
|
|
Pitching: RHP Victor Munoz
|
|
|
Now at 2B: Alex Munoz
|
|
|
Now in LF: Jared Speck
|
|
|
Now in CF: Erik Gretzky
|
|
|
Now in RF: Darryl Gonnella
|
|
|
Batting: LHB Stephen Van Raalte
|
0-0: Ball 1-0: Called Strike 1-1: Foul Ball, location: 2F 1-2: Ground out 6-3 (Groundball, 6D, EV 110.0 MPH)
|
|
Batting: RHB Ben Mischnick
|
0-0: Called Strike 0-1: Foul Ball, location: 2F 0-2: Ball 1-2: Ball 2-2: Fly out, F9 (Line Drive, 9LM, EV 104.4 MPH)
|
|
Batting: RHB Wing-kit Bu
|
0-0: Fly out, F9 (Flyball, 9S, EV 83.8 MPH)
|
| Bottom of the 6th over - 0 runs, 0 hits, 0 errors, 0 left on base; Atlanta 4 - Los Angeles 0 |
| TOP OF THE 7TH |
|
Atlanta Braves batting - Pitching for Los Angeles Dodgers : RHP Balinda Msrah
|
|
Batting: LHB Erik Gretzky
|
0-0: Swinging Strike 0-1: Ball 1-1: Ball 2-1: SINGLE (Flyball, 34D, EV 90.6 MPH)
|
|
Batting: RHB Tade Post
|
0-0: Called Strike Erik Gretzky is caught stealing 2nd base 2-4 0-1: Ball 1-1: Ball 2-1: Ball 3-1: Called Strike 3-2: Ground out 3-1 (Groundball, 13, EV 91.2 MPH)
|
|
Batting: RHB John Peterson
|
0-0: Called Strike 0-1: Called Strike 0-2: Ball 1-2: Foul Ball, location: 2F 1-2: SINGLE (Line Drive, 9LM, EV 93.1 MPH)
|
|
Batting: LHB David Bramble
|
0-0: Foul Ball, location: 2F 0-1: Ball 1-1: Called Strike 1-2: Foul Ball, location: 2F 1-2: Foul Ball, location: 2F 1-2: Foul Ball, location: 2F 1-2: Foul Ball, location: 2F 1-2: Ball 2-2: Ball John Peterson is caught stealing 2nd base 2-6
|
| Top of the 7th over - 0 runs, 2 hits, 0 errors, 0 left on base; Atlanta 4 - Los Angeles 0 |
| BOTTOM OF THE 7TH |
|
Los Angeles Dodgers batting - Pitching for Atlanta Braves : RHP Victor Munoz
|
|
Pitching: RHP Nate Bixler
|
|
|
Batting: SHB Joel Baker
|
0-0: Swinging Strike 0-1: Ball 1-1: Foul Ball, location: 2F 1-2: Ball 2-2: Ball 3-2: Foul Ball, location: 2F 3-2: Base on Balls
|
|
Pinch Hitting: RHB Tim Nettles
|
0-0: Called Strike 0-1: Called Strike 0-2: Ball 1-2: Ball 2-2: Ball 3-2: Foul Ball, location: 2F 3-2: Base on Balls Joel Baker to second
|
|
Pinch Hitting: LHB Darrell Ortega
|
0-0: Ball 1-0: Ball 2-0: Foul Ball, location: 2F 2-1: Fly out, F7 (Flyball, 7, EV 85.6 MPH)
|
|
Batting: RHB Clay Buchanan
|
0-0: Called Strike 0-1: SINGLE (Groundball, 25, EV 70.0 MPH) (infield hit) Joel Baker to third Tim Nettles to second
|
|
Batting: LHB Steve Pond
|
0-0: Ball 1-0: Called Strike 1-1: Called Strike 1-2: Ball 2-2: Ball 3-2: Foul Ball, location: 2F 3-2: Base on Balls Joel Baker scores Tim Nettles to third Clay Buchanan to second
|
|
Batting: RHB John Piccolo
|
0-0: Fly out, F9 (Flyball, 89S, EV 85.6 MPH)
|
|
Batting: LHB Stephen Van Raalte
|
0-0: Ball 1-0: Ball 2-0: Called Strike 2-1: Ball 3-1: Called Strike 3-2: Foul Ball, location: 2F 3-2: Foul Ball, location: 2F 3-2: Strikes out looking
|
| Bottom of the 7th over - 1 run, 1 hit, 0 errors, 3 left on base; Atlanta 4 - Los Angeles 1 |
| TOP OF THE 8TH |
|
Atlanta Braves batting - Pitching for Los Angeles Dodgers : RHP Balinda Msrah
|
|
Pitching: LHP Sam Zegarelli
|
|
|
Now at 2B: Tim Nettles
|
|
|
Now in LF: Darrell Ortega
|
|
|
Now in RF: Stephen Van Raalte
|
|
|
Batting: LHB David Bramble
|
0-0: Called Strike 0-1: Called Strike 0-2: Fly out, F7 (Flyball, 78D, EV 90.6 MPH)
|
|
Batting: RHB J.J. Powers
|
0-0: Ball 1-0: Ball 2-0: Ball 3-0: Called Strike 3-1: Fly out, F4 (Line Drive, 4M, EV 68.1 MPH)
|
|
Batting: RHB Jared Speck
|
0-0: Fly out, F7 (Flyball, 78M, EV 84.4 MPH)
|
| Top of the 8th over - 0 runs, 0 hits, 0 errors, 0 left on base; Atlanta 4 - Los Angeles 1 |
| BOTTOM OF THE 8TH |
|
Los Angeles Dodgers batting - Pitching for Atlanta Braves : RHP Nate Bixler
|
|
Pitching: LHP Shingo Miura
|
|
|
Batting: RHB Ben Mischnick
|
0-0: Ball 1-0: Ball 2-0: Called Strike 2-1: Foul Ball, location: 2F 2-2: Foul Ball, location: 2F 2-2: Foul Ball, location: 2F 2-2: Foul Ball, location: 2F 2-2: Strikes out looking
|
|
Batting: RHB Wing-kit Bu
|
0-0: Called Strike 0-1: SINGLE (Flyball, 6D, EV 94.4 MPH)
|
|
Batting: SHB Joel Baker
|
0-0: Swinging Strike 0-1: Ball 1-1: Ball 2-1: Called Strike 2-2: Foul Ball, location: 2F 2-2: Strikes out swinging
|
|
Batting: RHB Tim Nettles
|
0-0: Called Strike 0-1: Swinging Strike 0-2: Ball 1-2: Foul Ball, location: 2F 1-2: 2-RUN HOME RUN (Flyball, 78XD, EV 111.2 MPH), Distance : 455 ft
|
|
Batting: LHB Darrell Ortega
|
0-0: Ball 1-0: Ball 2-0: Called Strike 2-1: Foul Ball, location: 2F 2-2: Reached on error, E1 (Groundball, 15S, EV 70.0 MPH)
|
|
Pitching: RHP Greg Hart
|
|
|
Batting: RHB Clay Buchanan
|
0-0: Fly out, F8 (Flyball, 8LS, EV 93.8 MPH)
|
| Bottom of the 8th over - 2 runs, 2 hits, 1 error, 1 left on base; Atlanta 4 - Los Angeles 3 |
| TOP OF THE 9TH |
|
Atlanta Braves batting - Pitching for Los Angeles Dodgers : LHP Sam Zegarelli
|
|
Pitching: RHP Nate Allen
|
|
|
Batting: RHB Alex Munoz
|
0-0: Ball 1-0: Swinging Strike 1-1: Swinging Strike 1-2: Ball 2-2: SINGLE (Flyball, 6D, EV 90.6 MPH)
|
|
Batting: RHB Jeckel Hester
|
0-0: Ball 1-0: Fly out, F8 (Flyball, 89M, EV 91.9 MPH)
|
|
Batting: LHB Darryl Gonnella
|
0-0: Swinging Strike 0-1: SINGLE (Line Drive, 9S, EV 106.2 MPH) Alex Munoz to second Runner from 2nd tries for 3rd, SAFE, throw by RF made to third
|
|
Batting: LHB Erik Gretzky
|
0-0: Called Strike 0-1: Ball 1-1: Ball 2-1: Ball Darryl Gonnella steals 2nd base 3-1: Intentional Walk
|
|
Batting: RHB Tade Post
|
0-0: Called Strike 0-1: Ball 1-1: Ball 2-1: Ball 3-1: Grounds into double play, 4-2-3 (Groundball, 4, EV 84.4 MPH)
|
| Top of the 9th over - 0 runs, 2 hits, 0 errors, 2 left on base; Atlanta 4 - Los Angeles 3 |
| BOTTOM OF THE 9TH |
|
Los Angeles Dodgers batting - Pitching for Atlanta Braves : RHP Greg Hart
|
|
Pitching: RHP Doug Seliger
|
|
|
Batting: LHB Steve Pond
|
0-0: Foul Ball, location: 2F 0-1: Ground out 4-3 (Groundball, 4M, EV 101.2 MPH)
|
|
Batting: RHB John Piccolo
|
0-0: Ball 1-0: Ground out 6-3 (Groundball, 6, EV 83.8 MPH)
|
|
Batting: LHB Stephen Van Raalte
|
0-0: Ball 1-0: Ball 2-0: Ball 3-0: Base on Balls
|
|
Batting: RHB Ben Mischnick
|
0-0: Called Strike 0-1: Called Strike 0-2: Ball 1-2: Strikes out swinging
|
| Bottom of the 9th over - 0 runs, 0 hits, 0 errors, 1 left on base; Atlanta 4 - Los Angeles 3 |
|